 Dungeon Crawl Stone Soup version 0.26-a0-1132-ge9770dfcb6 (webtiles) character file.

Game seed: 3964681078794131675

12820 mhtbhm the Cleaver (level 11, -22/85 (89) HPs)
             Began as a Minotaur Fighter on Dec 20, 2020.
             Was a High Priest of Okawaru.
             Annihilated by Rupert
             ... wielding a +4 great mace of protection
              (25 damage)
             ... on level 2 of the Orcish Mines.
             The game lasted 00:27:15 (10746 turns).

mhtbhm the Cleaver (Minotaur Fighter)              Turns: 10746, Time: 00:27:16

HP:   -22/85 (89)   AC:  7    Str: 24    XL:     11   Next: 67%
MP:   10/10         EV: 15    Int:  5    God:    Okawaru [*****.]
Gold: 1669          SH:  0    Dex: 16    Spells: 10/10 levels left

rFire    . . .     SeeInvis .   a - +1 war axe
rCold    . . .     Faith    .   c - +0 kite shield
rNeg     + . .     Spirit   .   b - +0 leather armour of Delightful Creativity {rElec rN+ Slay+5}
rPois    +         Reflect  .   (helmet restricted)
rElec    +         Harm     .   (no cloak)
rCorr    .         Rampage  .   x - +0 pair of gloves
Will     .....                  (no boots)
Stlth    +.........             d - amulet of regeneration
HPRegen  0.64/turn              i - +6 ring of dexterity
MPRegen  0.12/turn              C - ring of flight

@: confused, lightly drained
A: retaliatory headbutt, horns 2, slimy green scales 1, frail 1, poison
resistance, screaming 1
a: Renounce Religion, Evoke Flight, Heroism, Finesse


You were on level 2 of the Orcish Mines.
You worshipped Okawaru.
Okawaru was extremely pleased with you.
You visited 3 branches of the dungeon, and saw 12 of its levels.
You also visited: Ossuary.

You collected 1669 gold pieces.

Inventory:

Hand Weapons
 a - a +1 war axe (weapon)
Missiles
 n - 9 curare-tipped darts (quivered)
Armour
 b - the +0 leather armour of Delightful Creativity (worn) {rElec rN+ Slay+5}
   (You found it on level 4 of the Dungeon)

   It affects your accuracy and damage with ranged weapons and melee attacks
   (+5).
   It insulates you from electricity.
   It protects you from negative energy.
 c - a +0 kite shield (worn)
 p - a +2 ring mail of cold resistance
 x - a +0 pair of gloves (worn)
Jewellery
 d - an amulet of regeneration (around neck)
 i - a +6 ring of dexterity (left hand)
 w - a +6 ring of intelligence
 C - a ring of flight (right hand)
 L - an uncursed amulet of magic regeneration {unknown}
Wands
 j - a wand of flame (20)
 l - a wand of digging (6)
 s - a wand of disintegration (11)
 t - a wand of random effects (11)
 J - a wand of paralysis (6)
 K - a wand of iceblast (4)
Scrolls
 e - 4 scrolls of immolation
 k - a scroll of enchant armour
 m - 2 scrolls of teleportation
 u - a scroll of blinking {unknown}
 y - 2 scrolls of enchant weapon
 z - 2 scrolls of fear {unknown}
 E - a scroll of magic mapping
 F - a scroll of silence {unknown}
 H - a scroll of random uselessness {unknown}
 I - a scroll of holy word {unknown}
Potions
 f - 4 potions of flight
 g - 3 potions of resistance
 h - 3 potions of mutation
 o - 2 potions of attraction
 r - a potion of lignification {unknown}
 v - 2 potions of haste
 A - 2 potions of might
 D - 3 potions of brilliance
 G - 2 potions of cancellation


   Skills:
 + Level 10.1 Fighting
 + Level 14.7 Axes
 * Level 7.9 Armour
 + Level 6.1 Dodging
 - Level 0.2 Stealth
 + Level 10.0 Shields
 - Level 1.0 Evocations


You had 10 spell levels left.
You didn't know any spells.
Your spell library contained the following spells:

 Spells                   Type           Power        Failure   Level
 Magic Dart               Conj           0%           75%         1
 Searing Ray              Conj           0%           86%         2
 Confusing Touch          Hex            0%           98%         3
 Dazzling Flash           Conj/Hex       0%           98%         3
 Gell's Gravitas          Tloc           0%           98%         3
 Fulminant Prism          Conj/Hex       0%           100%        4
 Iskenderun's Mystic Bla  Conj/Tloc      0%           100%        4
 Petrify                  Tmut/Erth      0%           100%        4
 Metabolic Englaciation   Hex/Ice        0%           100%        5
 Yara's Violent Unravell  Hex/Tmut       0%           100%        5


Dungeon Overview and Level Annotations

Branches:
Dungeon (9/15)             Temple (1/1) D:7            Lair (0/6) D:8
    Orc (2/2) D:9             Elf (0/3) Orc:2       Ossuary (visited)

Altars:
Ashenzari
Cheibriados
Dithmenos
Elyvilon
Fedhas
Gozag
Hepliaklqana
Kikubaaqudgha
Makhleb
Nemelex Xobeh
Okawaru
Qazlal
Ru
Sif Muna
Trog
Uskayaw
Vehumet
Wu Jian
Xom
Yredelemnul
Zin
The Shining One

Annotations:
Orc:2 Rupert


Innate Abilities, Weirdness & Mutations

You reflexively headbutt those who attack you in melee.
You have a pair of horns on your head.
You are partially covered in slimy green scales. (AC +2)
You are frail. (-10% HP)
Your system is resistant to poisons. (rPois)
You occasionally shout uncontrollably at your foes.


Message History

You hit Rupert but do no damage. You closely miss the troll.
You hit the orc warrior.
The orc warrior hits you with a +0 flail of draining!
You partially resist.
You feel drained.
Rupert hits you with a +4 great mace of protection!!
* * * LOW HITPOINT WARNING * * *
The troll closely misses you. x2; The troll claws you!
* * * LOW HITPOINT WARNING * * *
You barely miss the orc warrior. You headbutt the orc warrior.
The orc warrior is heavily wounded.
You slash the troll! You slash Rupert!
Rupert hits you with a +4 great mace of protection.
* * * LOW HITPOINT WARNING * * *
The orc warrior hits you with a +0 flail of draining.
* * * LOW HITPOINT WARNING * * *
You partially resist.
You feel drained.
Unknown command.
Unknown command.
Rupert hits you with a +4 great mace of protection!!
You die...

###.....[## ###.....
#.........# #.#.....
##.....[.## ........ #
.#...#...####....# ..
.....#....##....# ...
....###........#.# ....
o...###......)## $....
.....##...)....###......
....##...o))[[T.@<......
.#...#.o...#))o@.....#.#
.#......$..##[).....##
###......####........#
#.....## ##......##
#......... #......#
###.......# .........
....#...$.#$..........
.....##....#...........


You could see Rupert (berserk), an orc knight, a troll and an orc warrior.

Vanquished Creatures
  3 death yaks (D:8)
  Pikel (D:6)
  A wolf spider (Orc:1)
  Joseph (D:9)
  4 trolls
  A hornet (D:9)
  A slime creature (D:5)
  2 redbacks (Orc:1)
  A tarantella (Orc:1)
  Menkaure (D:6)
  3 wargs (Orc:2)
  The ghost of wythoutpain the Gusty, an amateur TeAE of Vehumet (D:4)
  21 orc warriors
  A swamp drake (D:9)
  3 ice beasts
  2 phantoms
  10 ogres
  3 centaurs
  9 bullfrogs
  Blork the orc (D:6)
  A gnoll sergeant (D:9)
  5 water moccasin zombies (Ossuary)
  A scorpion (D:5)
  3 killer bees (D:7)
  5 wights (D:6)
  A bullfrog zombie (D:6)
  2 howler monkeys
  2 quasits
  3 bullfrog skeletons
  22 orc priests
  3 centaur skeletons
  5 hounds
  17 orc wizards
  2 iguanas
  4 worker ants
  3 big kobold zombies (Ossuary)
  A hound skeleton (D:7)
  2 mummies (Ossuary)
  8 gnolls
  A howler monkey skeleton (D:9)
  6 adders
  A shadow imp (D:6)
  5 white imps
  2 ufetubi
  An adder skeleton (D:6)
  9 adder zombies (Ossuary)
  A worm (D:5)
  6 dart slugs
  4 leopard geckos
  96 orcs
  A ball python (D:3)
  8 giant cockroaches
  4 gnoll zombies (Ossuary)
  9 goblins
  5 hobgoblins
  2 jackals (D:8)
  2 quokkas (D:8)
  A ball python skeleton (D:5)
  8 bats
  4 frilled lizards
  5 hobgoblin zombies (Ossuary)
  9 kobolds
  4 kobold zombies (Ossuary)
  2 leopard gecko skeletons
  A leopard gecko zombie (D:4)
  6 orc zombies (Ossuary)
  2 quokka skeletons
  7 rats
372 creatures vanquished.

Notes
Turn   | Place    | Note
-------+----------+-------------------------------------------
     0 | D:1      | mhtbhm the Minotaur Fighter began the quest for the Orb.
     0 | D:1      | Reached XP level 1. HP: 19/19 MP: 0/0
   108 | D:1      | Reached XP level 2. HP: 27/27 MP: 1/1
   877 | D:2      | Reached XP level 3. HP: 32/32 MP: 2/2
  1119 | D:2      | Found an ornate altar of the Wu Jian Council.
  1119 | D:2      | Found a basalt altar of Yredelemnul.
  1121 | D:2      | Found a radiant altar of Vehumet.
  1142 | D:2      | Reached skill level 3 in Axes
  1472 | D:3      | Found a shadowy altar of Dithmenos.
  1584 | D:3      | Reached XP level 4. HP: 34/40 MP: 3/3
  1729 | D:3      | Found a burning altar of Makhleb.
  1855 | D:3      | Reached skill level 4 in Axes
  2105 | D:4      | Noticed an ogre
  2117 | D:4      | Reached XP level 5. HP: 15/47 MP: 4/4
  2122 | D:4      | Gained mutation: You occasionally shout uncontrollably at
                  | your foes. [potion of mutation]
  2122 | D:4      | Gained mutation: Your system is resistant to poisons.
                  | (rPois) [potion of mutation]
  2122 | D:4      | Gained mutation: You are frail. (-10% HP) [potion of
                  | mutation]
  2122 | D:4      | Gained mutation: You are partially covered in slimy green
                  | scales. (AC +2) [potion of mutation]
  2674 | D:4      | Killed an ogre
  2675 | D:4      | Reached skill level 5 in Axes
  2675 | D:4      | Reached skill level 5 in Shields
  2675 | D:4      | Reached XP level 6. HP: 33/47 MP: 5/5
  2758 | D:4      | Reached skill level 5 in Armour
  2765 | D:4      | Noticed an ice beast
  2773 | D:4      | Killed an ice beast
  2774 | D:4      | Reached skill level 5 in Fighting
  2774 | D:4      | Reached skill level 6 in Axes
  2932 | D:4      | Reached XP level 7. HP: 47/54 MP: 6/6
  2979 | D:4      | Got an encrusted leather armour
  2985 | D:4      | Identified the +0 leather armour of Delightful Creativity
                  | {rElec rN+ Slay+5} (You found it on level 4 of the Dungeon)
  3146 | D:4      | Found a runed translucent door.
  3253 | D:4      | Found a blossoming altar of Fedhas.
  3258 | D:4      | Noticed wythoutpain's ghost (amateur TeAE)
  3267 | D:4      | Killed wythoutpain's ghost
  3268 | D:4      | Reached skill level 7 in Axes
  3365 | D:5      | Entered Level 5 of the Dungeon
  3444 | D:5      | Reached skill level 8 in Axes
  3502 | D:5      | Reached XP level 8. HP: 38/62 MP: 7/7
  3763 | D:5      | Found a sparkling altar of Nemelex Xobeh.
  3765 | D:5      | Noticed a slime creature
  3767 | D:5      | Found a transporter.
  3776 | D:5      | Found a transporter.
  3858 | D:5      | Reached skill level 1 in Dodging
  3860 | D:5      | Killed a slime creature
  3861 | D:5      | Reached skill level 9 in Axes
  4237 | D:6      | Noticed Pikel
  4242 | D:6      | Reached skill level 10 in Axes
  4244 | D:6      | Killed Pikel
  4244 | D:6      | Noticed Menkaure
  4245 | D:6      | Reached XP level 9. HP: 70/70 MP: 8/8
  4252 | D:6      | Killed Menkaure
  4652 | D:6      | Found a glowing golden altar of the Shining One.
  4663 | D:6      | Reached skill level 11 in Axes
  4679 | D:6      | Noticed a -1 hand axe
  4679 | D:6      | Noticed a +0 hand axe
  4683 | D:6      | Found a hide-covered altar of Uskayaw.
  4684 | D:6      | Noticed Blork the orc
  4690 | D:6      | Killed Blork the orc
  5190 | D:6      | Found a glowing silver altar of Zin.
  5348 | D:7      | Found a staircase to the Ecumenical Temple.
  5357 | Temple   | Entered the Ecumenical Temple
  5395 | Temple   | Became a worshipper of Warmaster Okawaru
  5455 | D:7      | Found a sand-covered staircase.
  5465 | Ossuary  | Entered an ossuary
  5604 | Ossuary  | Reached skill level 12 in Axes
  5692 | D:7      | Reached * piety under Okawaru
  5936 | D:7      | Reached XP level 10. HP: 79/79 MP: 9/9
  6352 | D:8      | Found a shimmering altar of Xom.
  6776 | D:8      | Noticed a death yak
  6777 | D:8      | Found a staircase to the Lair.
  6777 | D:8      | Noticed a death yak
  6778 | D:8      | Noticed a death yak
  6791 | D:8      | Killed a death yak
  6791 | D:8      | Reached ** piety under Okawaru
  6795 | D:8      | Killed a death yak
  6796 | D:8      | Reached skill level 13 in Axes
  6796 | D:8      | Reached skill level 5 in Dodging
  6797 | D:8      | Killed a death yak
  6797 | D:8      | Reached *** piety under Okawaru
  7011 | D:8      | Found a sacrificial altar of Ru.
  7366 | D:9      | Found a hazy altar of Hepliaklqana.
  7495 | D:9      | Reached skill level 1 in Evocations
  7575 | D:9      | Reached **** piety under Okawaru
  7634 | D:9      | Found a staircase to the Orcish Mines.
  7796 | D:9      | Noticed Joseph
  7806 | D:9      | Killed Joseph
  7807 | D:9      | Reached XP level 11. HP: 47/87 MP: 10/10
  8347 | D:9      | Found a snail-covered altar of Cheibriados.
  8676 | Orc:1    | Entered Level 1 of the Orcish Mines
  8695 | Orc:2    | Entered Level 2 of the Orcish Mines
  8700 | Orc:2    | Reached skill level 14 in Axes
  8702 | Orc:2    | Noticed Rupert
  8862 | Orc:1    | Received a gift from Okawaru
  9433 | Orc:1    | Noticed a wolf spider
  9467 | Orc:1    | Killed a wolf spider
  9850 | Orc:1    | Reached ***** piety under Okawaru
  9918 | Orc:2    | Noticed an ogre mage
 10038 | Orc:2    | HP: 2/89 [troll (11)]
 10147 | Orc:1    | Reached skill level 10 in Fighting
 10346 | Orc:2    | Found a staircase to the Elven Halls.
 10360 | Orc:2    | Reached skill level 10 in Shields
 10504 | Orc:2    | Paralysed by Rupert for 5 turns
 10506 | Orc:2    | Noticed an orc knight
 10744 | Orc:2    | HP: 4/86 [Rupert/+4 great mace of protection (4)]
 10746 | Orc:2    | Annihilated by Rupert

Illustrated notes

Levels and vault maps discovered:
D:1:      dpeg_arrival_radiant, layout_basic, minmay_tall_x
D:2:      layout_basic, gammafunk_temple_overflow_forgotten
D:3:      layout_loops_ring, old_standard_altar,
          grunt_dithmenos_smoke_and_mirrors
D:4:      layout_basic, kennysheep_mini_moat, ebering_ghost_reflecting_pool
D:5:      layout_rooms, gammafunk_temple_overflow_arena, st_stairs_14
D:6:      layout_basic, lemuel_doored_altar, kennysheep_little_box,
          dancing_weapons_uskayaw, uniq_menkaure, uniq_pikel, uniq_blork_the_orc
D:7:      layout_loops_cross, minmay_temple_entry_waves,
          nicolae_ossuary_entry_monument
D:8:      layout_basic, general_overflow_altar, dpeg_lair_monsters,
          nicolae_ru_the_path_less_chosen
D:9:      layout_basic, overflow_temple_1_default,
          lemuel_coloured_pillars_altar, erik_orc_1, uniq_joseph
Temple:   kb_temple_of_zot
Orc:1:    nicolae_orc_accident_3, layout_caves
Orc:2:    st_orc_open, layout_diamond_mine, uniq_rupert

Skill      XL: |  1  2  3  4  5  6  7  8  9 10 11 |
---------------+----------------------------------+-----
Fighting       | 4 5 6 8 9 10 | 10.1
Shields        | 4 5 7 8 9 10 | 10.0
Armour         | 4 5 6 7 |  7.9
Axes           | 3 4 5 6 8 10 12 13 14 | 14.7
Dodging        | 2 4 5 6 |  6.1
Evocations     | 1 |  1.0
Stealth        | |  0.2

Action                   |  1- 3 |  4- 6 |  7- 9 | 10-12 || total
-------------------------+-------+-------+-------+-------++-------
Melee: War axe           |    84 |    78 |   228 |   329 ||   719
       Headbutt          |    12 |    15 |    55 |    77 ||   159
Throw: Dart              |       |       |       |     2 ||     2
Invok: Heroism           |       |       |       |     2 ||     2
Evoke: Wand              |       |       |     1 |    10 ||    11
  Use: Scroll            |     5 |     2 |     6 |     5 ||    18
       Potion            |       |     7 |     1 |     6 ||    14
 Stab: Confused          |       |       |     1 |       ||     1
       Distracted        |       |       |     2 |       ||     2
       Sleeping          |       |       |       |     1 ||     1
Armor: Scale mail        |     4 |       |       |       ||     4
       Chain mail        |    46 |    46 |       |       ||    92
       Leather armour    |       |       |    28 |    52 ||    80
Dodge: Dodged            |    13 |    20 |    73 |   131 ||   237
Block: Kite shield       |    54 |    51 |   120 |   194 ||   419

Table legend: (Time is in decaauts)
 A = Elapsed time spent in this place.
 B = Non-inter-level travel time spent in this place.
 C = Inter-level travel time spent in this place.
 D = Time resting spent in this place.
 E = Time spent auto-exploring this place.
 F = Levels seen in this place.
 G = Mean time per level.
                   A        B        C        D        E       F      G
               +--------+--------+--------+--------+--------+-----+--------+
         Total |  10761 |  10442 |    319 |   2238 |   5643 |  13 |  827.8 |
       Dungeon |   8421 |   8102 |    319 |   1218 |   5105 |   9 |  935.7 |
        Temple |     78 |     78 |      0 |      0 |     30 |   1 |   78.0 |
  Orcish Mines |   2045 |   2045 |      0 |   1020 |    440 |   2 | 1022.5 |
       Ossuary |    216 |    216 |      0 |      0 |     68 |   1 |  216.0 |
               +--------+--------+--------+--------+--------+-----+--------+

Top non-repeatable levels by time:
   Orc:1: 1728 daAuts
     D:9: 1307 daAuts
     D:3: 1247 daAuts
     D:5: 1147 daAuts
     D:8: 1053 daAuts
     D:1: 867 daAuts
     D:6: 815 daAuts
     D:4: 784 daAuts
     D:7: 683 daAuts
     D:2: 516 daAuts
   Orc:2: 316 daAuts
 Ossuary: 216 daAuts
  Temple: 78 daAuts
